 Dungeon Crawl Stone Soup version 0.31.0-9-g3a7656b989 (webtiles) character file.

Game seed: 15555753159670884031

67 qw the Shooter (level 3, 0/18 HPs)
             Began as a Spriggan Hunter on Feb 2, 2024.
             Succumbed to a goblin's poison
             ... on level 2 of the Dungeon.
             The game lasted 00:00:04 (1094 turns).

qw the Shooter (Spriggan Hunter)                    Turns: 1094, Time: 00:00:04

Health: 0/18       AC:  2    Str:  7    XL:     3   Next: 98%
Magic:  4/4        EV: 19    Int: 10    God:
Gold:   69         SH:  5    Dex: 20    Spells: 2/2 levels left

rFire   . . .        a - +0 shortbow
rCold   . . .        (shield currently unavailable)
rNeg    . . .        c - +0 robe
rPois   .            (helmet restricted)
rElec   .            (no cloak)
rCorr   +            (gloves unavailable)
SInv    +            (boots unavailable)
Will    .....        e - amulet of reflection
Stlth   ++           d - ring of resist corrosion
HPRegen 0.23/turn    (no ring)
MPRegen 0.09/turn

%: reflection
@: lethally poisoned (0 -> -8), very quick
A: very small, no large weapons, unfitting armour, see invisible, speed 3
a: no special abilities


You were on level 2 of the Dungeon.
You visited 1 branch of the dungeon, and saw 2 of its levels.

You collected 69 gold pieces.


Innate Abilities, Weirdness & Mutations

You are very small and have problems with some larger weapons.
You are too small for most types of armour.
You have supernaturally acute eyesight. (SInv)
You cover ground extremely quickly. (Speed+++)


   Skills:
 - Level 1.5 Fighting
 - Level 5.0 Ranged Weapons
 + Level 4.1 Dodging
 - Level 1.5 Stealth


You had 2 spell levels left.
You didn't know any spells.
Your spell library was empty.

Inventory:

Hand Weapons
 a - a +0 shortbow (weapon)
Armour
 c - a +0 robe (worn)
Jewellery
 d - a ring of resist corrosion (left hand)
 e - an amulet of reflection (around neck)
Scrolls
 b - a scroll of identify {unknown}
Potions
 f - a potion of attraction {unknown}
 g - a potion of invisibility {unknown}
 h - a potion of degeneration {unknown}

Dungeon Overview and Level Annotations

Branches:
Dungeon (2/15)

Altars:


Message History

The bat completely misses you. The frilled lizard misses you.
Your Ranged Weapons skill increases to level 5!
You shoot an arrow.
The arrow hits the frilled lizard but does no damage.
The bat misses you. The bat closely misses you.
The frilled lizard closely misses you. The bat completely misses you.
The frilled lizard misses you.
You shoot an arrow. The arrow hits the bat!
You kill the bat!
The frilled lizard misses you.
You shoot an arrow. The arrow hits the frilled lizard.
You kill the frilled lizard!
You shoot an arrow. The arrow hits the ribbon worm!
The ribbon worm is heavily wounded.
You shoot an arrow. The arrow hits the ribbon worm!
The ribbon worm is almost dead.
The ribbon worm completely misses you.
You shoot an arrow.
The arrow hits the ribbon worm but does no damage.
The ribbon worm is severely wounded.
You shoot an arrow. The arrow hits the ribbon worm.
The ribbon worm is almost dead.
The ribbon worm expels a string of sticky webbing.
The stream of webbing hits you but does no damage.
You are caught in a web!
The web tears apart.
The ribbon worm bites you but does no damage.
You shoot an arrow. The arrow hits the ribbon worm!
You kill the ribbon worm!
You shoot an arrow. The arrow misses the goblin.
The goblin hits you with a +2 dagger of venom.
You are lethally poisoned!
The goblin hits you with a +2 dagger of venom.
You shoot an arrow.
The arrow hits the goblin but does no damage.
You feel very sick. The goblin barely misses you.
You shoot an arrow. The arrow hits the goblin!
You kill the goblin!
You die...

#.# #.# #
#.######## #
######## #.........
#
...>..####..######.
# #.............# #
.....####.)##.# ##
#..###...## # .#
#@.......# .#
#)#..#........ .#
#)##.###.###... .#
}(# #.# #.# ### .#
#$# #.# #.# .# #.#
#.# #+# .# #.# ..#
.# .# .## ## #


There were no monsters in sight!

Vanquished Creatures
  An adder (D:2)
  A gnoll (D:2)
  3 ribbon worms (D:2)
  2 dart slugs
  5 endoplasms
  7 goblins
  2 hobgoblins
  A ball python (D:2)
  6 bats
  3 frilled lizards
  5 kobolds (D:2)
  4 rats
40 creatures vanquished.

Notes
Turn   | Place    | Note
-------+----------+-------------------------------------------
     0 | D:1      | qw the Spriggan Hunter began the quest for the Orb.
     0 | D:1      | Reached XP level 1. HP: 10/10 MP: 2/2
     0 | D:1      | 0 ||| qw: Version: 0.3-a-155-g5e7d8dd
     0 | D:1      | 0 ||| qw: Game counter: 219
     0 | D:1      | 0 ||| qw: Melee chars always use a shield: true
     0 | D:1      | 0 ||| qw: God list: Okawaru
     0 | D:1      | 0 ||| qw: Allow faded altars: false
     0 | D:1      | 0 ||| qw: Do Orc after clearing Dungeon:15 true
     0 | D:1      | 0 ||| qw: Do second Lair branch before Depths: true
     0 | D:1      | 0 ||| qw: Lair rune preference: random
     0 | D:1      | 0 ||| qw: Goals: Normal
     0 | D:1      | 0 ||| PLANNING D:1-11
    81 | D:1      | Reached skill level 3 in Dodging
   229 | D:1      | Reached XP level 2. HP: 14/14 MP: 3/3
   499 | D:1      | 499 ||| UPGRADING to amulet of reflection.
   504 | D:1      | 504 ||| DROPPING amulet of regeneration.
   505 | D:1      | 505 ||| UPGRADING to ring of resist corrosion.
   506 | D:1      | 506 ||| DROPPING scroll of butterflies.
   728 | D:2      | Reached XP level 3. HP: 18/18 MP: 4/4
  1083 | D:2      | Reached skill level 5 in Ranged Weapons
  1092 | D:2      | HP: 4/18 [goblin/+2 dagger of venom (3)]
  1094 | D:2      | Succumbed to a goblin's poison

Levels and vault maps discovered:
D:1:      matt_arrival_spirals, layout_rooms
D:2:      layout_loops_corners, minmay_circle_x

Skill      XL: |  1  2  3 |
---------------+----------+-----
Dodging        | 3 4 |  4.1
Ranged Weapons | 5 |  5.0
Fighting       | |  1.5
Stealth        | |  1.5

Action                     || total
---------------------------++-------
   Fire: Shortbow          ||   113
 Armour: Robe              ||    18
  Dodge: Dodged            ||    45
  Block: Other             ||     7
         Reflection        ||     3

Table legend:
 A = Non-vault XP
 B = Vault XP
 C = Vault XP percentage of total XP
 D = Non-vault monster count
 E = Vault monster count
 F = Vault count percentage of total count
                 A         B        C        D         E       F
            +---------+---------+-------+---------+---------+-------
      Total |      59 |      39 |  39.8 |      32 |       8 |  20.0
            +---------+---------+-------+---------+---------+-------
        D:1 |      23 |       0 |   0.0 |      14 |       0 |   0.0
        D:2 |      36 |      39 |  52.0 |      18 |       8 |  30.8
            +---------+---------+-------+---------+---------+-------
